 Dungeon Crawl Stone Soup version 0.30.1-11-g7821555f0a (webtiles) character file.

Game seed: 16310617600494505517

124 Destapler the Sneak (level 5, -10/30 HPs)
             Began as a Kobold Enchanter on Dec 9, 2023.
             Mangled by a mummy (16 damage)
             ... in an ossuary.
             The game lasted 00:13:03 (2827 turns).

Destapler the Sneak (Kobold Enchanter)              Turns: 2827, Time: 00:13:04

Health: -10/30     AC:  4    Str:  5    XL:     5   Next: 30%
Magic:  10/10      EV: 15    Int: 16    God:
Gold:   128        SH:  0    Dex: 18    Spells: 8/11 levels left

rFire   . . .        a - +4 dagger
rCold   . . .        (no shield)
rNeg    . . .        b - +1 robe
rPois   .            (no helmet)
rElec   .            d - +0 cloak
rCorr   .            (no gloves)
SInv    .            (no boots)
Will    .....        (no amulet)
Stlth   ++++         (no ring)
HPRegen 0.25/turn    (no ring)
MPRegen 0.12/turn

%: no passive effects
@: no status effects
A: small, no large weapons, nightstalker 3
a: no special abilities


You were in an ossuary.
You visited 1 branch of the dungeon, and saw 4 of its levels.
You also visited: Ossuary.

You collected 128 gold pieces.

Inventory:

Hand Weapons
 a - a +4 dagger (weapon)
 i - a +0 dagger of draining
Armour
 b - a +1 robe (worn)
 d - a +0 cloak (worn)
Scrolls
 f - 3 scrolls of teleportation
 j - a scroll of immolation
 n - a scroll of identify
 p - a scroll of poison
 q - a scroll of fear {unknown}
Potions
 c - 2 potions of invisibility
 e - a potion of attraction {unknown}
 g - a potion of brilliance {unknown}
 h - a potion of cancellation {unknown}
 k - a potion of mutation {unknown}
 l - 2 potions of curing
 m - a potion of resistance {unknown}
 o - a potion of might {unknown}


   Skills:
 - Level 2.0 Fighting
 - Level 2.0 Short Blades
 - Level 3.0 Dodging
 - Level 4.0 Stealth
 + Level 3.7 Spellcasting
 + Level 3.7 Hexes


You had 8 spell levels left.
You knew the following spells:

 Your Spells              Type           Power      Damage    Failure   Level
a - Tukima's Dance        Hex            14%        N/A       11%         3

Your spell library contained the following spells:

 Spells                   Type           Power      Damage    Failure   Level
 Confusing Touch          Hex            14%        N/A       11%         3
 Ensorcelled Hibernation  Hex/Ice        16%        N/A       12%         2
 Dazzling Flash           Conj/Hex       16%        N/A       24%         3


Dungeon Overview and Level Annotations

Branches:
Dungeon (4/15)            Ossuary (1/1)
 Temple: D:4-7

Altars:


Innate Abilities, Weirdness & Mutations

You are small and have problems with some larger weapons.
You are completely attuned to the shadows.


Message History

The mummy is almost destroyed.
The mummy closely misses you.
You hit the mummy but do no damage.
The mummy is almost destroyed.
You hit the mummy.
You destroy the mummy!
You start resting.
HP restored.
You hit the mummy.
The mummy is lightly damaged.
You hit the mummy.
The mummy is moderately damaged.
The mummy hits you!
Ouch! That really hurt!
* * * LOW HITPOINT WARNING * * *
You hit the mummy.
The mummy is heavily damaged.
You hit the mummy.
The mummy is heavily damaged.
The orc zombie misses you. The mummy misses you.
You hit the mummy.
The mummy is severely damaged.
The orc zombie hits you but does no damage.
The mummy barely misses you.
You barely miss the mummy.
The mummy is severely damaged.
The orc zombie barely misses you.
You barely miss the mummy.
The mummy is severely damaged.
The mummy hits you!
* * * LOW HITPOINT WARNING * * *
You hit the mummy.
The mummy is severely damaged.
The orc zombie closely misses you.
You hit the mummy.
The mummy is almost destroyed.
The orc zombie hits you but does no damage.
The mummy hits you!
Ouch! That really hurt!
You die...

........Z....
.Z..........Z
............
#........#
#......#
##....##
#.MZ.# #.@..#
#....# #....#
#....# #....#
#....# #.∩∩.#
######


You could see a mummy and an orc zombie.

Vanquished Creatures
  3 mummies (Ossuary)
  2 adders
  3 orcs
  2 ball pythons
  4 bats
  6 endoplasms
  3 giant cockroaches (D:1)
  8 hobgoblins
  2 jackals (D:2)
  4 kobolds
  2 quokkas
  3 frilled lizards
  9 goblins
  3 hobgoblin zombies (Ossuary)
  A kobold zombie (Ossuary)
  An orc zombie (Ossuary)
  5 rats
  2 rat zombies (D:4)
63 creatures vanquished.

Notes
Turn   | Place    | Note
-------+----------+-------------------------------------------
     0 | D:1      | Destapler the Kobold Enchanter began the quest for the Orb.
     0 | D:1      | Reached XP level 1. HP: 10/10 MP: 3/3
   183 | D:1      | Reached XP level 2. HP: 16/16 MP: 5/5
   193 | D:1      | Reached skill level 1 in Fighting
   515 | D:1      | Found a faded altar of an unknown god.
   592 | D:1      | Reached XP level 3. HP: 15/20 MP: 6/6
  1018 | D:2      | Learned a level 3 spell: Tukima's Dance
  1893 | D:3      | Reached XP level 4. HP: 18/26 MP: 8/8
  2618 | D:4      | Found a sand-covered staircase.
  2635 | Ossuary  | Entered an ossuary
  2710 | Ossuary  | Reached XP level 5. HP: 30/30 MP: 10/10
  2827 | Ossuary  | Mangled by a mummy

Illustrated notes

Levels and vault maps discovered:
D:1:      giann_wishing_wells, layout_basic, basic_ecumenical_altar,
          kennysheep_crisscross
D:2:      layout_rooms, serial_co_window_serial, co_window_of_opportunity_a,
          co_window_paths_a, co_window_of_opportunity_a, co_window_paths_a,
          co_window_of_opportunity_a, co_window_broadway_a,
          co_window_broadway_b, co_window_of_opportunity_b, co_window_corner_ca,
          co_window_broadway_c, co_window_unsneaky_path_a, co_window_4corner_b,
          lemuel_flame_loot_1
D:3:      layout_basic
D:4:      layout_loops_ring, chei_slow_surprise, minmay_temple_entry_overgrown,
          enter_ossuary_4
Ossuary:  ossuary_tomb_3

Skill      XL: |  1  2  3 |
---------------+----------+-----
Fighting       | 1 2 |  2.0
Short Blades   | 2 |  2.0
Dodging        | 3 |  3.0
Spellcasting   | 3 |  3.7
Stealth        | |  4.0
Hexes          | |  3.7

Action                     |  1- 3 |  4- 6 || total
---------------------------+-------+-------++-------
  Melee: Dagger            |    98 |    89 ||   187
         Punch             |     2 |       ||     2
    Use: Scroll            |     5 |     2 ||     7
   Stab: Sleeping          |    20 |     6 ||    26
 Armour: Robe              |    12 |     6 ||    18
  Dodge: Dodged            |    38 |    45 ||    83
